 Dungeon Crawl Stone Soup version 0.21.1-1-g345015f (webtiles) character file.

80 Amnesiac the Grave Robber (level 4, -2/32 HPs)
             Began as a Mummy Necromancer on Mar 12, 2018.
             Slain by Grinder (9 damage)
             ... while paralysed by Grinder
             ... on level 3 of the Dungeon.
             The game lasted 00:02:30 (1608 turns).

Amnesiac the Grave Robber (Mummy Necromancer)       Turns: 1608, Time: 00:02:31

Health: -2/32      AC:  2    Str: 11    XL:     4   Next: 18%
Magic:  23/23      EV:  2    Int: 15    God:
Gold:   92         SH:  0    Dex: 12    Spells: 5/9 levels left

rFire    . . .     SeeInvis .   j - staff of power
rCold    + . .     Gourm    .   (no shield)
rNeg     + + +     Faith    .   a - +0 robe
rPois    ∞         Spirit   .   (no helmet)
rElec    .         Reflect  .   (no cloak)
rCorr    .         Harm     .   (no gloves)
MR       .....                  (no boots)
Stlth    ++........             (no amulet)
HPRegen  0.10/turn              d - ring of protection from fire
MPRegen  0.18/turn              (no ring)

@: paralysed
A: no food or potions, fire vulnerability, cold resistance 1, negative energy
resistance 3, torment resistance, unbreathing
a: no special abilities


You were on level 3 of the Dungeon.
You were not hungry.

You visited 1 branch of the dungeon, and saw 3 of its levels.

You collected 92 gold pieces.

Inventory:

Hand Weapons
 m - a +2 dagger of venom
Armour
 a - a +0 robe (worn)
Magical Staves
 j - an uncursed staff of power (weapon)
Jewellery
 d - a ring of protection from fire (left hand)
Scrolls
 c - 3 scrolls of remove curse {!r, unknown}
 e - a scroll of random uselessness {!r, unknown}
 f - 3 scrolls of identify {!r, unknown}
 g - a scroll of amnesia {!r, unknown}
 h - a scroll of immolation {!r, unknown}
 i - a scroll of fear {!r, unknown}
 k - a scroll of teleportation {!r, unknown}
 l - a scroll of enchant weapon {!r, unknown}
 n - a scroll of fog {!r, unknown}
Books
 b - a book of Necromancy

   Spells                             Type                      Level
   a - Pain                           Necromancy                   1
   b - Animate Skeleton               Necromancy                   1
   c - Vampiric Draining              Necromancy                   3
   d - Regeneration                   Charms/Necromancy            3
   e - Animate Dead                   Necromancy                   4
   f - Borgnjor's Vile Clutch         Necromancy/Earth             5


   Skills:
 + Level 1.2 Fighting
 * Level 2.4 Dodging
 - Level 1.5 Stealth
 + Level 3.3 Spellcasting
 * Level 4.6 Necromancy


You had 5 spell levels left.
You knew the following spells:

 Your Spells              Type           Power        Failure   Level  Hunger
a - Pain                  Necr           ###.         3%          1    N/A
d - Vampiric Draining     Necr           ###.......   9%          3    N/A

Dungeon Overview and Level Annotations

Branches:
Dungeon (3/15)

Altars:
Ashenzari
Hepliaklqana
Okawaru
Xom

Annotations:
D:3 Grinder


Innate Abilities, Weirdness & Mutations

You do not eat or drink.
Your flesh is vulnerable to fire.
You are immune to poison.
Your flesh is cold resistant. (rC+)
You are immune to negative energy. (rN+++)
You are immune to unholy pain and torment.
You can survive without breathing.


Message History

Play time: 00:02:14 (1382 turns) Unknown command.
There is an open door here.
There is a stone staircase leading down here.
You climb downwards.
There is a stone staircase leading up here.
Memorise Vampiric Draining, consuming 3 spell levels and leaving 5?
You start memorising the spell.
You continue memorising. x3
You finish memorising.
Spell assigned to 'd'.
You start resting.
HP restored.
Found 17 stones.
You see here 17 stones.
A dart slug comes into view.
Grinder comes into view.
Casting: Pain
Confirm with . or Enter, or press ? or * to list all spells.
Aiming: Pain
Press: ? - help, Shift-Dir - straight line, f - dart slug
Aim: a dart slug (clinging, chance to defeat MR: 87%)
The dart slug writhes in agony!
Grinder shouts!
Casting: Pain
Confirm with . or Enter, or press ? or * to list all spells.
Aiming: Pain
Press: ? - help, Shift-Dir - straight line, f/p - dart slug
Aim: a dart slug (heavily wounded, clinging, chance to defeat MR: 87%)
The dart slug barely resists.
The dart slug bites you.
Casting: Pain
Confirm with . or Enter, or press ? or * to list all spells.
Aiming: Pain
Press: ? - help, Shift-Dir - straight line, f/p - dart slug
Aim: a dart slug (heavily wounded, clinging, chance to defeat MR: 87%)
The dart slug barely resists.
Grinder gestures at you.
You suddenly lose the ability to move!
The dart slug bites you but does no damage.
The dart slug bites you.
The dart slug bites you but does no damage.
The dart slug launches a dart at you.
Helpless, you fail to dodge the slug dart.
Grinder hits you but does no damage. Grinder hits you.
* * * LOW HITPOINT WARNING * * *
The dart slug barely misses you.
You can move again.
Unknown command.
Unknown command.
Unknown command.
You see here 17 stones.
Grinder gestures at you.
You suddenly lose the ability to move!
Grinder hits you!
* * * LOW HITPOINT WARNING * * *
You can move again.
Unknown command.
Unknown command.
Unknown command.
Unknown command.
Grinder barely misses you. Grinder gestures at you.
You suddenly lose the ability to move!
Grinder hits you!
You die...

### #..
#.########.#
#.#........#
#@#(##..####
#5#w# ..#
##.#.# ..#
#<...# ..#
##.#.# ..#
#.#.# ..#
#.### ..#
... #..


You could see Grinder.

Vanquished Creatures
  A scorpion (D:2)
  An adder (D:2)
  A giant cockroach (D:2)
  2 goblins (D:1)
  A hobgoblin (D:2)
  3 jackals (D:2)
  3 kobolds
  3 bats
  4 frilled lizards
  A rat (D:2)
20 creatures vanquished.

Notes
Turn   | Place    | Note
-------+----------+-------------------------------------------
     0 | D:1      | Amnesiac the Mummy Necromancer began the quest for the Orb.
     0 | D:1      | Reached XP level 1. HP: 13/13 MP: 4/4
   549 | D:2      | Noticed a scorpion
   556 | D:2      | Reached XP level 2. HP: 18/20 MP: 0/5
   652 | D:2      | Killed a scorpion
   652 | D:2      | Reached skill level 1 in Fighting
   652 | D:2      | Reached XP level 3. HP: 12/26 MP: 0/7
   969 | D:2      | Found a shimmering altar of Xom.
   986 | D:2      | Noticed an ogre
  1006 | D:2      | Found a hazy altar of Hepliaklqana.
  1017 | D:2      | Found an iron altar of Okawaru.
  1017 | D:2      | Found a shattered altar of Ashenzari.
  1110 | D:2      | Reached XP level 4. HP: 32/32 MP: 8/8
  1396 | D:3      | Learned a level 3 spell: Vampiric Draining
  1585 | D:3      | Noticed Grinder
  1588 | D:3      | Paralysed by Grinder for 7 turns
  1599 | D:3      | Paralysed by Grinder for 3 turns
  1605 | D:3      | Paralysed by Grinder for 5 turns
  1608 | D:3      | Slain by Grinder

Skill      XL: |  1  2 |
---------------+-------+-----
Fighting       | 1 |  1.2
Dodging        | 2 |  2.4
Spellcasting   | 3 |  3.3
Stealth        | |  1.5
Necromancy     | |  4.6

Action                   |  1- 3 |  4- 6 || total
-------------------------+-------+-------++-------
 Cast: Pain              |    31 |    16 ||    47
Armor: Robe              |     2 |     3 ||     5
Dodge: Dodged            |     2 |     3 ||     5
